 Dungeon Crawl Stone Soup version 0.29.0-4-gdea44cf6ec (webtiles) character file.

Game seed: 10477079359992413687

70 qw the Chopper (level 4, -2/26 HPs)
             Began as a Tengu Warper on Aug 28, 2022.
             Slain by a gnoll
             ... wielding a +0 spear
              (5 damage)
             ... on level 3 of the Dungeon.
             The game lasted 00:00:12 (2481 turns).

qw the Chopper (Tengu Warper)                       Turns: 2481, Time: 00:00:13

Health: -2/26      AC:  7    Str: 14    XL:     4   Next: 22%
Magic:  8/8        EV:  9    Int: 13    God:
Gold:   117        SH:  0    Dex: 13    Spells: 7/7 levels left

rFire   . . .      SeeInvis .   Y - +0 hand axe
rCold   . . .      Faith    .   (no shield)
rNeg    . . .      Spirit   .   a - +0 scale mail
rPois   .          Reflect  .   (helmet restricted)
rElec   .          Harm     .   h - +0 cloak
rCorr   .          Rampage  .   (no gloves)
Will    .....                   (boots unavailable)
Stlth   ..........              (no amulet)
HPRegen 0.08/turn               (no ring)
MPRegen 0.11/turn               (no ring)

@: no status effects
A: beak, talons 3
a: no special abilities


You were on level 3 of the Dungeon.
You visited 1 branch of the dungeon, and saw 3 of its levels.

You collected 117 gold pieces.


Innate Abilities, Weirdness & Mutations

You have a beak for a mouth.
You have claws for feet.


   Skills:
 - Level 2.0 Fighting
 + Level 4.8 Axes
 - Level 1.0 Throwing
 - Level 1.1 Armour
 - Level 2.1 Dodging
 - Level 2.0 Spellcasting
 - Level 2.4 Translocations


You had 7 spell levels left.
You didn't know any spells.
Your spell library contained the following spells:

 Spells                   Type           Power      Damage    Failure   Level
 Blink                    Tloc           14%        N/A       54%         2
 Gell's Gravitas          Tloc           7%         N/A       77%         3
 Lesser Beckoning         Tloc           7%         N/A       77%         3
 Teleport Other           Tloc           7%         N/A       77%         3
 Manifold Assault         Tloc           7%         N/A       100%        5

Inventory:

Hand Weapons
 d - a +0 whip
 Y - a +0 hand axe (weapon)
Armour
 a - a +0 scale mail (worn)
 h - a +0 cloak (worn)
 j - a scarf of resistance
Scrolls
 b - a scroll of torment {unknown}
Potions
 c - a potion of degeneration {unknown}
 e - a potion of heal wounds {unknown}
 f - a potion of curing
 g - a potion of flight {unknown}
 i - a potion of attraction {unknown}
 l - a potion of magic {unknown}

Dungeon Overview and Level Annotations

Branches:
Dungeon (3/15)

Altars:


Message History

2467 ||| Stepping ~*~*~tactically~*~*~ (hiding).
You start waiting.
A gnoll is nearby!
You hit the gnoll. You peck the gnoll, but do no damage.
The gnoll is heavily wounded.
The gnoll closely misses you.
You barely miss the gnoll. You claw the gnoll, but do no damage.
Your peck misses the gnoll.
The gnoll is heavily wounded.
The gnoll hits you from afar with a +0 spear.
The gnoll closely misses you.
You barely miss the gnoll.
The gnoll is heavily wounded.
The gnoll closely misses you. The gnoll hits you with a +0 flail.
You hit the gnoll. Your kick misses the gnoll. You peck the gnoll.
You kill the gnoll!
The gnoll hits you but does no damage.
A gnoll comes into view. It is wielding a +0 spear.
The gnoll shouts!
The gnoll hits you with a +0 spear.
The gnoll moves out of view.
Things that are here:
a +0 flail; a gnoll corpse You hit the gnoll.
Your kick misses the gnoll.
The gnoll is lightly wounded.
The gnoll hits you with a +0 spear.
You barely miss the gnoll. Your kick misses the gnoll. You punch the gnoll.
The gnoll is lightly wounded.
The gnoll hits you with a +0 spear.
You hit the gnoll but do no damage.
The gnoll is lightly wounded.
The gnoll hits you with a +0 spear.
You hit the gnoll but do no damage. Your kick misses the gnoll.
Your peck misses the gnoll.
The gnoll is lightly wounded.
The gnoll hits you from afar with a +0 spear.
The gnoll barely misses you.
You closely miss the gnoll. Your kick misses the gnoll.
The gnoll is lightly wounded.
The gnoll hits you from afar with a +0 spear.
You die...

#.# #.... #.. #.#
.... #.# #.# ... #
#.# #.# ..###.#.#
#.# .....#.####.#
#g.........<#
##.###g####......#
.......@....%..#.#
##.###.....#...#.#
#...###.#.#.#
#...# #.###.#
>....# #.. ..#
######. ... ..# .
.... .+ ......
#######


You could see 2 gnolls.

Vanquished Creatures
  A gnoll (D:3)
  2 worms (D:2)
  2 dart slugs (D:2)
  6 bats
  3 endoplasms
  2 giant cockroaches
  5 goblins
  7 hobgoblins
  6 kobolds
  A quokka (D:2)
  6 ball pythons
  3 frilled lizards
  A rat (D:2)
45 creatures vanquished.

Notes
Turn   | Place    | Note
-------+----------+-------------------------------------------
     0 | D:1      | qw the Tengu Warper began the quest for the Orb.
     0 | D:1      | Reached XP level 1. HP: 12/12 MP: 4/4
     0 | D:1      | 0 ||| qw: Version: 0.1-a-89-g26bdef1
     0 | D:1      | 0 ||| qw: Game counter: 507
     0 | D:1      | 0 ||| qw: Always use a shield: true
     0 | D:1      | 0 ||| qw: God list: Okawaru
     0 | D:1      | 0 ||| qw: Allow faded altars: false
     0 | D:1      | 0 ||| qw: Do Orc after D:15 true
     0 | D:1      | 0 ||| qw: Do second Lair branch before Depths: true
     0 | D:1      | 0 ||| qw: Lair rune preference: random
     0 | D:1      | 0 ||| qw: Plans: Normal
     0 | D:1      | 0 ||| PLANNING D:1-11
   182 | D:1      | Reached skill level 3 in Axes
   182 | D:1      | Reached XP level 2. HP: 17/17 MP: 6/6
   219 | D:1      | Found a faded altar of an unknown god.
   544 | D:1      | 544 ||| Stepping ~*~*~tactically~*~*~ (stealth).
   807 | D:1      | Reached XP level 3. HP: 10/21 MP: 7/7
  1154 | D:1      | 1154 ||| UPGRADING to +0 cloak.
  1159 | D:1      | 1159 ||| UPGRADING to +0 ring mail.
  1169 | D:1      | 1169 ||| DROPPING +0 leather armour.
  1170 | D:1      | 1170 ||| READING scroll labelled QIEDILI NEAXU.
  1171 | D:1      | 1171 ||| DRINKING 2 orange potions.
  1172 | D:1      | 1172 ||| DROPPING scroll of blinking.
  1273 | D:2      | 1273 ||| Stepping ~*~*~tactically~*~*~ (stealth).
  1287 | D:2      | 1287 ||| Stepping ~*~*~tactically~*~*~ (stealth).
  1436 | D:2      | Reached skill level 4 in Axes
  1545 | D:2      | 1545 ||| Stepping ~*~*~tactically~*~*~ (hiding).
  1547 | D:2      | 1547 ||| Stepping ~*~*~tactically~*~*~ (hiding).
  1756 | D:2      | 1756 ||| Stepping ~*~*~tactically~*~*~ (stealth).
  2330 | D:2      | Reached XP level 4. HP: 26/26 MP: 8/8
  2359 | D:2      | 2359 ||| UPGRADING to +0 scale mail.
  2369 | D:2      | 2369 ||| DROPPING +0 ring mail.
  2370 | D:2      | 2370 ||| READING scroll labelled KICAAK BUMETAV.
  2371 | D:2      | 2371 ||| DRINKING 2 lumpy golden potions.
  2372 | D:2      | 2372 ||| DROPPING potion of brilliance.
  2467 | D:3      | 2467 ||| Stepping ~*~*~tactically~*~*~ (hiding).
  2479 | D:3      | HP: 6/26 [gnoll/+0 spear (6)]
  2481 | D:3      | Slain by a gnoll

Levels and vault maps discovered:
D:1:      dpeg_arrival_boxorama, layout_rooms, nicolae_ecumenical_lake_church
D:2:      layout_loops_corners, minmay_quantized
D:3:      layout_basic

Skill      XL: |  1  2  3 |
---------------+----------+-----
Axes           | 3 4 |  4.8
Fighting       | |  2.0
Throwing       | |  1.0
Armour         | |  1.1
Dodging        | |  2.1
Spellcasting   | |  2.0
Translocations | |  2.4

Action                   |  1- 3 |  4- 6 || total
-------------------------+-------+-------++-------
Melee: Hand axe          |    97 |    13 ||   110
       Kick              |    27 |     4 ||    31
       Peck              |     9 |     2 ||    11
       Punch             |     1 |     1 ||     2
Throw: Boomerang         |     7 |       ||     7
  Use: Scroll            |     1 |     1 ||     2
       Potion            |     1 |     1 ||     2
Armor: Leather armour    |    13 |       ||    13
       Ring mail         |    19 |       ||    19
       Scale mail        |       |     1 ||     1
Dodge: Dodged            |    51 |     5 ||    56

Table legend:
 A = Non-vault XP
 B = Vault XP
 C = Vault XP percentage of total XP
 D = Non-vault monster count
 E = Vault monster count
 F = Vault count percentage of total count
                 A         B        C        D         E       F
            +---------+---------+-------+---------+---------+-------
      Total |      93 |       8 |   7.9 |      41 |       4 |   8.9
            +---------+---------+-------+---------+---------+-------
        D:1 |      34 |       0 |   0.0 |      20 |       0 |   0.0
        D:2 |      42 |       8 |  16.0 |      18 |       4 |  18.2
        D:3 |      17 |       0 |   0.0 |       3 |       0 |   0.0
            +---------+---------+-------+---------+---------+-------
